 Dungeon Crawl Stone Soup version 0.18.1-48-g4cf74bf (webtiles) character file.

511 Heedrag the Conjurer (level 6, -1/32 HPs)
             Began as a Deep Elf Conjurer on Aug 13, 2016.
             Slain by an adder skeleton (3 damage)
             ... on level 4 of the Dungeon.
             The game lasted 00:06:12 (3125 turns).

Heedrag the Conjurer (Deep Elf Conjurer)            Turns: 3125, Time: 00:06:12

Health: -1/32      AC:  3    Str:  7    XL:     6   Next: 99%
Magic:  1/16       EV: 13    Int: 20    God:
Gold:   203        SH:  0    Dex: 15    Spells: 3 memorised, 6 levels left

rFire  . . .     SeeInvis .     i - +0 short sword (venom)
rCold  . . .     Gourm    .     a - +0 robe
rNeg   . . .     Faith    .     (no shield)
rPois  .         Spirit   .     m - +0 helmet
rElec  .         Dismiss  .     (no cloak)
rCorr  .         Reflect  .     (no gloves)
SustAt .         Harm     .     (no boots)
MR     .....                    (no amulet)
Stlth  ++........               (no ring)
                                (no ring)

@: not resistant to hostile enchantments, unstealthy
A: no striking features
a: no special abilities


You were on level 4 of the Dungeon.
You were not hungry.

You visited 1 branch of the dungeon, and saw 4 of its levels.

You collected 203 gold pieces.

Inventory:

Hand Weapons
 i - a +0 short sword of venom (weapon)
 A - the +6 whip "Semapt" {freeze, rElec, unknown}
   (You found it on level 4 of the Dungeon)

   It has been specially enchanted to freeze those struck by it, causing extra
   injury to most foes and up to half again as much damage against particularly
   susceptible opponents.
   It can also slow down cold-blooded creatures.
   It insulates you from electricity.
 B - the +4 falchion of the Forsaken Dances {drain, Str-4 Dex+7, unknown}
   (You found it on level 4 of the Dungeon)

   A truly terrible weapon, it drains the life of those it strikes.
   It affects your strength (-4).
   It affects your dexterity (+7).
Armour
 a - a +0 robe (worn)
 m - a +0 helmet (worn)
Jewellery
 t - an uncursed ring of fire
Scrolls
 d - 2 scrolls of enchant weapon {unknown}
 f - 5 scrolls of recharging {unknown}
 g - 2 scrolls of remove curse {unknown}
 k - 2 scrolls of magic mapping {unknown}
 n - a scroll of identify {unknown}
 p - a scroll of teleportation {unknown}
 r - a scroll of noise {unknown}
 s - a scroll of amnesia {unknown}
 w - a scroll of random uselessness {unknown}
 y - a scroll of immolation {unknown}
 z - a scroll of blinking {unknown}
Potions
 e - a potion of curing {unknown}
 j - 2 potions of mutation {unknown}
 l - a potion of heal wounds {unknown}
 o - a potion of magic {unknown}
 q - 2 potions of agility {unknown}
 u - a potion of might {unknown}
 x - a potion of resistance {unknown}
Books
 b - a book of Conjurations

   Spells                             Type                      Level
   a - Magic Dart                     Conjuration                  1
   b - Searing Ray                    Conjuration                  2
   c - Dazzling Spray                 Conjuration/Hexes            3
   d - Fulminant Prism                Conjuration/Hexes            4
   e - Iskenderun's Mystic Blast      Conjuration                  4
   f - Iskenderun's Battlesphere      Conjuration/Charms           5
Comestibles
 c - 3 bread rations
 h - 2 meat rations
 v - 2 chunks of flesh


   Skills:
 - Level 2.4 Dodging
 - Level 2.4 Stealth
 + Level 5.9 Spellcasting
 * Level 7.6 Conjurations
 + Level 3.4 Charms


You had 6 spell levels left.
You knew the following spells:

 Your Spells              Type           Power        Failure   Level  Hunger
a - Magic Dart            Conj           ####         1%          1    None
b - Iskenderun's Mystic   Conj           #####...     6%          4    ####...
c - Iskenderun's Battles  Conj/Chrm      ####....     38%         5    #####..


Dungeon Overview and Level Annotations

Branches:
Dungeon (4/15)
 Temple: D:4-7

Altars:
Dithmenos
Okawaru
Ru
Yredelemnul

Annotations:
D:3 Heedrag's ghost, amateur DECj


Message History

Press: ? - help, Shift-Dir - straight line, f/p - phantom
Aim: a phantom (severely damaged) Tha magic dart hits tha phantom.
Tha phantom be almost destroyed.
Tha phantom hits ye.
* * * LOW HITPOINT WARNIN'
* * * Tha phantom blinks!
Tha adder skeleton closely misses ye.
Castin': Magic Dart Confirm wit' . or Enter, or press ? or * ta list all spells.
Ye dinnae haf enough magic ta cast tha spell.
Unknown command.
Ye hit tha adder skeleton.
Tha phantom misses ye.
Tha adder skeleton bites ye but does nay damage.
Tha adder skeleton closely misses ye.
A worm comes inta view.
Tha adder skeleton bites ye but does nay damage.
Tha phantom hits ye!
* * * LOW HITPOINT WARNIN'
* * * Tha adder skeleton bites ye.
Ye die...

#######.#.#####.#.#
#.........#.###
###.#####.....# #.#
.....# #.# .....#
#.#####.....##
#####...W......w..
#.........Z........
#.#####.###@...##.
#.. #....#
##.####### .. .##
..


You could see a phantom, a worm and an adder skeleton.

Vanquished Creatures
  Sigmund (D:2)
  A phantom (D:4)
  A howler monkey (D:4)
  An orc wizard (D:3)
  Natasha (D:4)
  5 adders
  4 gnolls (D:3)
  A howler monkey skeleton (D:3)
  An ooze (D:2)
  A dart slug (D:3)
  4 worms
  3 giant geckos (D:3)
  2 orcs (D:3)
  A ball python (D:2)
  4 giant cockroaches
  7 goblins
  8 hobgoblins
  4 jackals (D:3)
  A quokka (D:4)
  9 bats
  A giant gecko skeleton (D:4)
  2 giant newts
  5 kobolds
  6 rats
74 creatures vanquished.

Notes
Turn   | Place    | Note
--------------------------------------------------------------
     0 | D:1      | Heedrag the Deep Elf Conjurer began the quest for the Orb.
     0 | D:1      | Reached XP level 1. HP: 10/10 MP: 6/6
   198 | D:1      | Reached XP level 2. HP: 15/15 MP: 4/8
   647 | D:2      | Found an iron altar of Okawaru.
   669 | D:2      | Reached skill level 5 in Conjurations
   795 | D:2      | Reached XP level 3. HP: 12/19 MP: 8/10
   921 | D:2      | Found a shadowy altar of Dithmenos.
  1331 | D:2      | Reached XP level 4. HP: 24/24 MP: 12/12
  1405 | D:2      | Found a basalt altar of Yredelemnul.
  1405 | D:2      | Found a sacrificial altar of Ru.
  1504 | D:2      | Noticed Sigmund
  1815 | D:3      | Noticed Heedrag's ghost (amateur DECj)
  1834 | D:4      | Reached skill level 5 in Spellcasting
  1834 | D:4      | Reached skill level 6 in Conjurations
  1834 | D:4      | Reached XP level 5. HP: 23/28 MP: 0/14
  1845 | D:4      | Noticed a phantom
  2112 | D:2      | Learned a level 4 spell: Iskenderun's Mystic Blast
  2118 | D:2      | Learned a level 5 spell: Iskenderun's Battlesphere
  2168 | D:2      | Killed Sigmund
  2168 | D:2      | Reached XP level 6. HP: 22/32 MP: 7/16
  2385 | D:3      | Found a faded altar to an unknown god.
  2442 | D:3      | Reached skill level 7 in Conjurations
  2918 | D:4      | Got a shimmering whip
  2922 | D:4      | Got an iridescent falchion
  2972 | D:4      | Noticed Natasha
  2981 | D:4      | Killed Natasha
  3125 | D:4      | Slain by an adder skeleton

Skill      XL: |  1  2  3  4  5  6 |
---------------+-------------------+-----
Conjurations   | 5 6 7 |  7.6
Spellcasting   | 4 5 |  5.9
Charms         | 2 3 |  3.4
Dodging        | |  2.4
Stealth        | |  2.4

Action                   |  1- 3 |  4- 6 || total
-------------------------+-------+-------++-------
Melee: Short sword       |     9 |    24 ||    33
 Cast: Magic Dart        |    59 |   133 ||   192
 Stab: Sleeping          |       |     4 ||     4
       Distracted        |       |     2 ||     2
  Eat: Chunk             |     1 |     6 ||     7
Armor: Robe              |     2 |     8 ||    10
Dodge: Dodged            |    13 |    45 ||    58
